Map: Prion Terraces

Players

ChewBox - Winner!

  • Race: Terran Terran
  • League: Silver

DeadPool

  • Race: Zerg Zerg
  • League: Silver

VOD

https://www.youtube.com/watch?v=aDJ9uxRbnrI

Description

Val Kitty from https://www.chewbox.com takes on another superb Zerg player in 1 vs 1 in Legacy of the Void (StarCraft 2, LOTV) online match.

The strategy here is to survive by softening up the Zerg player by countering their units, and keeping them on edge by constant attacks.

Want to see Anime Reviews, Movie Reviews, and other cool things? Visit us at https://www.chewbox.com

Time

  • Played on: April 10, 2016, 10:49 p.m.
  • Length: 30:40
Show
View Real Time Build Order
Export as new Build Order

ChewBox Terran - Winner!

Build Orders:  

Get SALT Encoding   

  12  0:02  SCV  
  13  0:14  SCV  
  14  0:23  Supply Depot  
  14  0:26  SCV  
  15  0:45  SCV, Barracks  
  16  0:57  Barracks  
  16  1:03  SCV  
  17  1:13  Supply Depot  
  17  1:15  SCV  
  17  1:17  Refinery  
  18  1:33  Marine  
  19  1:41  Supply Depot  
  19  1:45  Marine  
  20  1:50  Marine  
  21  1:54  Supply Depot  
  21  2:03  Marine  
  22  2:08  Marine  
  22  2:12  Orbital Command  
  23  2:20  Marine  
  23  2:21  Bunker  
  24  2:26  Marine  
  25  2:34  Engineering Bay  
  25  2:38  Marine  
  26  2:51  Marine  
  26  2:56  Marine  
  26  2:57  SCV  
  29  3:09  Command Center, Marine  
  30  3:16  Marine  
  31  3:24  Refinery  
  31  3:25  SCV  
  32  3:39  Missile Turret  
  32  3:44  Factory  
  32  3:49  Barracks Reactor  
  32  3:51  Barracks Tech Lab  
  27  4:10  SCV  
  28  4:22  SCV  
  29  4:30  Armory  
  29  4:33  Factory Tech Lab  
  29  4:34  Missile Turret  
  29  4:37  Marine x2  
  31  4:39  Starport  
  31  4:45  Orbital Command  
  31  4:51  Combat Shields  
  31  4:55  Marine x2  
  31  4:57  Marauder  
  35  5:13  Marine x2  
  37  5:16  SCV  
  37  5:21  Missile Turret  
  38  5:22  SCV  
  38  5:28  Drilling Claws, SCV  
  40  5:31  Starport Tech Lab  
  40  5:39  Refinery  
  40  5:40  SCV  
  40  5:41  SCV, Refinery  
  42  5:49  Missile Turret  
  42  5:52  Terran Ship Weapons Level 1  
  42  5:53  SCV  
  42  5:55  SCV  
  44  6:03  Marine x2  
  44  6:04  Supply Depot  
  46  6:05  SCV  
  46  6:06  Marauder  
  46  6:08  SCV  
  46  6:10  Concussive Shells  
  50  6:16  Liberator  
  50  6:17  SCV  
  51  6:20  SCV  
  51  6:21  Marine x2  
  54  6:32  Missile Turret  
  57  6:43  Starport  
  57  6:47  Marine x2  
  57  6:50  Marine  
  60  6:56  Supply Depot  
  60  7:05  Marine x2  
  60  7:07  Marine  
  63  7:11  Cloaking Field  
  63  7:16  Banshee  
  63  7:20  Supply Depot  
  63  7:21  Starport Reactor  
  66  7:22  Marine  
  66  7:23  Marine  
  68  7:34  Starport  
  68  7:38  Starport  
  68  7:40  Marine x2, Missile Turret  
  70  7:46  Terran Vehicle And Ship Armor Level 1  
  70  7:49  SCV  
  70  7:50  SCV  
  72  8:00  Marauder, Marine x2  
  76  8:07  Banshee x2  
  76  8:09  Missile Turret  
  76  8:12  Starport Reactor  
  82  8:18  Marine  
  83  8:31  Missile Turret  
  60  8:45  Marauder, Marine  
  60  8:46  Starport Tech Lab, Marine  
  60  8:47  Factory Reactor  
  64  8:50  Banshee x2  
  70  9:03  Command Center, Marine x2  
  70  9:08  Raven  
  78  9:10  Viking  
  74  9:13  Viking  
  78  9:22  Marine x2  
  80  9:25  Marine  
  80  9:27  Hellion  
  80  9:28  Hellion  
  85  9:39  Marine  
  85  9:42  Terran Ship Weapons Level 2  
  86  9:48  Supply Depot  
  86  9:51  Supply Depot, Marine  
  86  9:55  Marine  
  86  9:58  Hellion, Marine  
  86  9:59  Hellion  
  86  10:09  Banshee  
  86  10:11  Supply Depot  
  86  10:13  Marine, Banshee  
  86  10:14  Supply Depot, Banshee  
  96  10:16  Marine  
  96  10:18  Widow Mine  
  96  10:20  Widow Mine  
  101  10:31  Marine  
  102  10:38  Viking  
  104  10:47  Widow Mine  
  104  10:48  Widow Mine  
  108  10:52  Banshee  
  108  10:56  Banshee x2  
  101  11:26  Marine  
  101  11:27  Marine  
  101  11:35  Banshee  
  101  11:39  Banshee x2  
  108  11:44  Marine  
  108  11:46  Marine  
  108  12:02  Marine  
  109  12:09  Planetary Fortress  
  109  12:26  Banshee  
  109  12:40  Marine x2  
  105  12:48  Viking x3  
  109  12:58  Viking, Marine  
  109  13:01  Missile Turret  
  109  13:03  Missile Turret  
  105  13:07  Missile Turret  
  105  13:08  Missile Turret  
  105  13:09  Viking  
  103  13:18  Viking  
  102  13:30  Widow Mine x2  
  106  13:38  Marine x2  
  108  13:56  Marine  
  108  14:01  Supply Depot  
  109  14:22  Widow Mine x2, Marine x2  
  115  14:25  Supply Depot  
  110  14:34  Orbital Command  
  105  14:50  Widow Mine x2, Supply Depot  
  104  14:56  Missile Turret  
  104  14:58  Missile Turret x2  
  104  14:59  Missile Turret  
  104  15:00  Missile Turret  
  104  15:03  SCV x2  
  104  15:04  SCV  
  107  15:15  Viking, SCV x2  
  107  15:19  Widow Mine x2  
  115  15:47  Widow Mine x2  
  115  15:48  Marine x2  
  121  15:54  Supply Depot  
  121  16:02  Missile Turret  
  121  16:06  Marine  
  121  16:10  Refinery  
  122  16:14  Refinery  
  122  16:16  Widow Mine x2  
  126  16:18  Terran Vehicle And Ship Armor Level 2  
  126  16:22  Missile Turret  
  126  16:23  Marine  
  126  16:24  Marine  
  128  16:35  Missile Turret  
  128  16:39  Missile Turret  
  128  16:41  Marine  
  128  16:44  Widow Mine x2  
  132  16:58  Missile Turret  
  127  17:26  Marine  
  127  17:30  Viking x3  
  127  17:31  Viking x2  
  137  17:38  Marine  
  125  18:00  Viking  
  125  18:03  Barracks Reactor  
  126  18:13  Missile Turret  
  126  18:25  Viking x4  
  134  18:36  Missile Turret  
  134  18:40  Barracks  
  134  18:43  Refinery  
  134  18:44  Refinery  
  134  19:15  Viking x2  
  138  19:18  Marine x2  
  140  19:35  Marine  
  141  19:42  Supply Depot  
  141  19:43  Supply Depot x2  
  141  19:53  Barracks  
  141  19:58  Barracks, Barracks Reactor  
  141  20:04  Marine x2  
  143  20:08  Command Center  
  138  20:22  Marine x2  
  134  20:39  Marine  
  135  20:58  Viking x5  
  130  21:52  Marine x5  
  130  21:53  Marine  
  134  22:00  Planetary Fortress  
  128  22:04  Missile Turret  
  128  22:10  Marine x5  
  128  22:11  Missile Turret, Marine  
  128  22:14  Missile Turret  
  134  22:25  Missile Turret  
  134  22:27  Marine  
  134  22:28  Marine x3  
  121  22:47  Missile Turret  
  121  23:01  Banshee x3  
  130  23:08  Refinery x2  
  130  23:21  Viking  
  126  23:43  Banshee  
  124  24:35  Marine x2  
  125  24:40  Barracks Tech Lab  
  122  24:53  Marine x2  
  124  25:10  Marine  
  124  25:11  Marine  
  126  25:18  SCV x4  
  130  25:22  Terran Ship Weapons Level 3  
  130  25:24  Viking x5  
  140  25:28  Marine x2  
  140  25:30  SCV x4  
  140  25:42  SCV x4  
  134  25:48  Widow Mine x2  
  138  26:02  SCV x3  
  141  26:05  Barracks Reactor  
  141  26:16  Widow Mine  
  129  26:52  Banshee x3  
  122  27:35  Banshee x3  
  129  27:56  Viking x2  
  129  28:17  Banshee  
  129  28:18  Banshee x2  
  129  28:19  Supply Depot  
  129  28:26  Viking x2, Supply Depot  
  129  28:31  Marine  
  129  28:32  Marine x3  
  129  28:56  Viking x2  
  129  29:00  Banshee  
  129  29:01  Viking x2  
  129  29:05  SCV  
  129  29:15  Supply Depot  
  129  29:17  SCV  
  129  29:26  Viking  
  129  29:29  SCV  
  129  29:30  Banshee  
Show
View Real Time Build Order
Export as new Build Order

DeadPool Zerg 

Build Orders: Hatch First 

Get SALT Encoding   

  12  0:01  Drone  
  13  0:09  Drone  
  14  0:35  Hatchery  
  13  0:41  Overlord  
  14  0:50  Drone  
  14  1:04  Drone  
  14  1:05  Drone x2  
  17  1:11  Extractor  
  17  1:16  Drone  
  17  1:21  Spawning Pool  
  16  1:28  Drone  
  17  1:37  Drone  
  18  1:49  Drone  
  19  1:55  Drone  
  19  1:59  Drone x2  
  22  2:08  Queen  
  22  2:10  Queen  
  22  2:13  Drone  
  27  2:16  Zergling x2  
  28  2:22  Overlord  
  28  2:29  Overlord  
  28  2:37  Overlord  
  28  2:53  Zergling x4  
  30  2:59  Drone x3  
  33  3:05  Drone  
  33  3:07  Spine Crawler  
  33  3:09  Drone  
  34  3:16  Queen  
  34  3:18  Queen  
  38  3:25  Metabolic Boost  
  38  3:28  Drone  
  38  3:29  Drone  
  37  3:37  Zergling x2  
  37  3:38  Zergling x10  
  44  3:53  Zergling x2  
  44  3:54  Zergling x4  
  42  4:09  Drone  
  43  4:10  Overlord  
  43  4:11  Spine Crawler  
  42  4:20  Drone  
  42  4:24  Overlord, Extractor  
  42  4:31  Evolution Chamber  
  42  4:32  Evolution Chamber  
  42  4:35  Roach Warren  
  42  4:37  Queen  
  42  4:52  Drone  
  42  4:53  Drone x4  
  42  4:59  Zerg Ground Armor Level 1  
  46  5:06  Drone x4  
  50  5:20  Drone, Spore Crawler  
  50  5:21  Drone x2  
  52  5:27  Spore Crawler  
  51  5:39  Extractor, Drone x3  
  53  5:45  Lair  
  53  5:48  Zerg Missile Weapons Level 1  
  53  5:51  Overlord x2  
  53  6:08  Hatchery  
  52  6:17  Overlord, Roach x5  
  62  6:55  Drone x3  
  62  7:00  Extractor  
  62  7:01  Drone  
  65  7:06  Glial Reconstitution  
  65  7:11  Roach x9  
  65  7:12  Overlord x2  
  83  7:19  Queen  
  83  7:21  Drone  
  86  7:23  Drone x4  
  90  7:44  Drone  
  90  7:46  Drone  
  90  7:47  Overlord  
  90  7:48  Overlord x2  
  90  7:49  Roach  
  90  7:50  Roach x5  
  104  7:52  Ravager  
  104  7:54  Ravager  
  106  7:59  Overlord x3  
  106  8:04  Extractor  
  104  8:08  Spine Crawler  
  95  8:49  Roach  
  95  8:50  Roach x14  
  125  9:12  Queen  
  127  9:24  Spire  
  126  9:44  Ravager  
  127  10:14  Roach  
  127  10:15  Roach x12  
  127  10:16  Overlord x4  
  127  10:17  Overlord x2  
  127  10:20  Extractor  
  152  10:29  Ravager  
  153  10:58  Roach  
  153  10:59  Roach x11  
  103  11:53  Spore Crawler x2  
  77  11:54  Spore Crawler x2  
  77  11:59  Spore Crawler  
  74  12:01  Spore Crawler  
  74  12:02  Mutalisk x5  
  74  12:03  Mutalisk x5  
  74  12:08  Spore Crawler  
  92  12:10  Spore Crawler  
  92  12:13  Spore Crawler  
  90  12:20  Drone  
  91  12:28  Overseer  
  91  12:29  Overseer  
  87  12:31  Overseer  
  84  13:05  Drone  
  85  13:06  Drone x4  
  85  13:38  Hatchery  
  84  13:46  Drone x3  
  87  13:49  Queen, Hatchery  
  88  14:05  Mutalisk  
  88  14:06  Mutalisk x3  
  88  14:08  Mutalisk, Roach  
  100  14:16  Mutalisk x4  
  104  14:20  Zerg Flyer Armor Level 1  
  108  14:57  Queen  
  110  15:09  Queen, Drone  
  113  15:31  Spine Crawler, Spore Crawler  
  113  15:33  Queen, Extractor  
  112  15:37  Spore Crawler  
  112  15:39  Hydralisk Den  
  110  15:44  Spore Crawler  
  110  15:45  Drone x3  
  110  15:47  Spore Crawler  
  111  16:03  Mutalisk x9  
  111  16:04  Mutalisk x12  
  117  16:06  Mutalisk  
  155  16:15  Drone  
  156  16:21  Lurker Den  
  156  16:32  Extractor  
  155  16:49  Hydralisk x2  
  155  16:50  Hydralisk x5  
  169  16:54  Overseer x2  
  169  16:55  Overseer  
  99  18:06  Drone x2  
  99  18:07  Drone x6  
  107  18:13  Lurker x2  
  107  18:14  Lurker x5  
  114  18:23  Extractor  
  113  18:29  Spine Crawler  
  113  18:30  Drone  
  113  18:39  Infestation Pit  
  112  18:41  Burrow  
  112  18:49  Mutalisk  
  112  18:50  Mutalisk x8  
  97  19:17  Mutalisk x3  
  88  19:35  Spore Crawler  
  87  19:38  Spore Crawler  
  87  19:40  Hydralisk  
  87  19:41  Hydralisk x3  
  94  19:52  Drone  
  95  19:53  Drone  
  96  20:40  Swarm Host x2  
  105  20:47  Spore Crawler  
  82  21:35  Overlord x3  
  74  22:04  Lair  
  74  22:09  Spawning Pool  
  70  23:06  Overlord  
  70  23:07  Overlord x2  
  70  23:14  Hatchery  
  70  23:15  Hydralisk Den  
  68  23:38  Spore Crawler  
  68  23:39  Spore Crawler  
  68  23:41  Spore Crawler  
  65  23:42  Spine Crawler  
  65  23:44  Spore Crawler  
  65  23:45  Spore Crawler  
  33  24:56  Drone x3  
  36  25:00  Spawning Pool  
  26  25:25  Drone x2  
  28  25:47  Queen  
  30  25:50  Spore Crawler  
  30  25:51  Spore Crawler  
  30  25:55  Spore Crawler  
  30  25:56  Drone x3  
  30  25:58  Spore Crawler  
  29  26:06  Drone  
  29  26:07  Drone x2  
  32  26:18  Drone x2  
  32  26:23  Spore Crawler  
  31  26:43  Zergling x2  
  32  26:47  Drone  
Tags
 
Add a new tag
Caveats
  • Supply blocks, unpowered buildings, or Contaminate may cause inaccurate times.
  • Supply counts are checked every 10 seconds.